 Dungeon Crawl Stone Soup version 0.28-a0-533-g9f97627e2a (webtiles) character file.

Game seed: 14679632038504534057

49280 Pooter the Severer (level 14, -2/125 HPs)
             Began as a Hill Orc Monk on Sept 25, 2021.
             Was a High Priest of Beogh.
             Slain by a death yak (19 damage)
             ... on level 6 of the Lair of Beasts on Sept 26, 2021.
             The game lasted 03:03:48 (23498 turns).

Pooter the Severer (Hill Orc Monk)                 Turns: 23498, Time: 03:03:48

Health: -2/125     AC: 24    Str: 15    XL:     14   Next: 50%
Magic:  22/22      EV: 10    Int: 10    God:    Beogh [*****.]
Gold:   410        SH: 11    Dex: 19    Spells: 13/13 levels left

rFire   . . .      SeeInvis .   a - +6 war axe (vorpal)
rCold   . . .      Faith    .   E - +0 buckler
rNeg    . . .      Spirit   .   j - +2 plate armour
rPois   +          Reflect  +   u - +2 hat
rElec   .          Harm     .   O - +0 cloak
rCorr   .          Rampage  +   R - +0 pair of gloves
Will    +....                   y - +2 pair of boots {rampage}
Stlth   ..........              m - amulet "Zaxkag" {Reflect rPois Str-4 SH+5 Stlth+}
HPRegen 1.30/turn               X - +6 ring of dexterity
MPRegen 0.18/turn               q - +4 ring of evasion

@: no status effects
A: walk on water, mutation resistance 1, regeneration 1
a: Renounce Religion, Smiting, Recall Orcish Followers, Give Item to Named
Follower


You were on level 6 of the Lair of Beasts.
You worshipped Beogh.
Beogh was extremely pleased with you.
You visited 3 branches of the dungeon, and saw 18 of its levels.
You also visited: Gauntlet.

You collected 2069 gold pieces.
You spent 1659 gold pieces at shops.

Inventory:

Hand Weapons
 a - a +6 vorpal war axe (weapon)
   (You took it off Urug on level 2 of the Orcish Mines)
 b - a +3 hand crossbow of freezing
   (You bought it in a shop on level 2 of the Orcish Mines)
 l - a +4 morningstar
   (You took it off an orc warrior on level 9 of the Dungeon)
 p - a +2 hand axe of holy wrath
   (You took it off an orc priest on level 4 of the Dungeon)
Missiles
 c - 6 boomerangs (quivered)
 A - 18 javelins
 H - 5 silver javelins
 K - 76 poisoned darts
 Q - 123 bolts
 T - 5 atropa-tipped darts
 V - a curare-tipped dart
Armour
 j - a +2 plate armour (worn)
   (You found it on level 1 of the Dungeon)
 u - a +2 hat (worn)
   (You bought it in a shop on level 2 of the Orcish Mines)
 y - a +2 pair of boots of rampaging (worn)
   (You bought it in a shop on level 2 of the Orcish Mines)
 E - a +0 buckler (worn)
   (You found it on level 7 of the Dungeon)
 O - a +0 cloak (worn)
   (You found it on level 5 of the Dungeon)
 R - a +0 pair of gloves (worn)
   (You found it on level 10 of the Dungeon)
 Y - a +3 chain mail of fire resistance
   (You took it off Urug on level 2 of the Orcish Mines)
Jewellery
 m - the amulet "Zaxkag" (around neck) {Reflect rPois Str-4 SH+5 Stlth+}
   (You bought it in a shop on level 2 of the Orcish Mines)

   [amulet of reflection]

   It reflects blocked missile attacks.
   Str:       It affects your strength (-4).
   rPois:     It protects you from poison.
   SH:        It affects your SH (+5).
   Stlth:     It makes you more stealthy.
 n - a ring of flight
   (You found it on level 4 of the Dungeon)
 q - a +4 ring of evasion (right hand)
   (You found it on level 4 of the Dungeon)
 C - a ring of resist corrosion
   (You found it on level 2 of the Lair of Beasts)
 F - a ring of protection from fire
   (You took it off a minotaur in a Gauntlet)
 P - a ring of poison resistance
   (You found it on level 1 of the Dungeon)
 S - a ring of see invisible
   (You found it on level 1 of the Lair of Beasts)
 U - a ring of ice
   (You found it on level 10 of the Dungeon)
 X - a +6 ring of dexterity (left hand)
   (You found it on level 1 of the Lair of Beasts)
Wands
 d - a wand of iceblast (12)
   (You found it on level 8 of the Dungeon)
 f - a wand of flame (16)
   (You found it in a Gauntlet)
 h - a wand of mindburst (3)
   (You found it on level 10 of the Dungeon)
 s - a wand of polymorph (17)
   (You found it on level 5 of the Lair of Beasts)
 w - a wand of charming (2)
   (You found it on level 7 of the Dungeon)
 D - a wand of digging (6)
   (You found it on level 4 of the Dungeon)
Scrolls
 o - 3 scrolls of magic mapping
 r - 4 scrolls of noise {!r}
 t - 3 scrolls of teleportation {@r4}
 v - 3 scrolls of fear
 J - a scroll of holy word
 N - 2 scrolls of immolation {!r}
Potions
 e - 2 potions of attraction {!q}
 g - 4 potions of mutation {!q}
 i - a potion of lignification {unknown}
 k - 3 potions of brilliance
 x - a potion of resistance
 z - a potion of heal wounds {@q2}
 B - 2 potions of flight
 G - a potion of haste {@q3}
 I - 2 potions of cancellation
 L - 6 potions of curing {@q1}
Miscellaneous
 M - a condenser vane
   (You found it on level 1 of the Lair of Beasts)


   Skills:
 + Level 11.8 Fighting
 - Level 3.1 Short Blades
 + Level 15.5 Axes
 * Level 6.5 Crossbows
 + Level 8.4 Throwing
 + Level 10.0 Armour
 - Level 2.4 Dodging
 - Level 1.5 Stealth
 + Level 5.2 Shields
 + Level 11.6 Invocations
 + Level 8.9 Evocations


You had 13 spell levels left.
You didn't know any spells.
Your spell library contained the following spells:

 Spells                   Type           Power      Damage    Failure   Level
 Animate Skeleton         Necr           0%         N/A       100%        1
 Pain                     Necr           0%         1d4       100%        1
 Shock                    Conj/Air       0%         1d3       100%        1
 Summon Small Mammal      Summ           0%         N/A       100%        1
 Blink                    Tloc           N/A        N/A       100%        2
 Call Canine Familiar     Summ           0%         N/A       100%        3
 Dazzling Flash           Conj/Hex       0%         N/A       100%        3
 Portal Projectile        Hex/Tloc       0%         N/A       100%        3
 Stone Arrow              Conj/Erth      0%         3d7       100%        3
 Summon Guardian Golem    Hex/Summ       0%         N/A       100%        3
 Swiftness                Air            0%         N/A       100%        3
 Vampiric Draining        Necr           0%         2d6       100%        3
 Airstrike                Air            0%         N/A       100%        4
 Animate Armour           Summ/Erth      0%         N/A       100%        4
 Animate Dead             Necr           0%         N/A       100%        4
 Iskenderun's Mystic Bla  Conj/Tloc      0%         2d3       100%        4
 Blade Hands              Tmut           0%         N/A       100%        5
 Excruciating Wounds      Necr           0%         N/A       100%        5
 Manifold Assault         Tloc           0%         N/A       100%        5
 Starburst                Conj/Fire      0%         6d3       100%        6
 Haunt                    Necr/Summ      0%         N/A       100%        7
 Storm Form               Tmut/Air       0%         N/A       100%        7
 Infestation              Necr           0%         N/A       100%        8
 Lehudib's Crystal Spear  Conj/Erth      0%         10d2      100%        8


Dungeon Overview and Level Annotations

Branches:
Dungeon (10/15)            Temple (0/1) D:4            Lair (6/6) D:9
 Shoals (0/4) Lair:2        Snake (0/4) Lair:3        Slime (0/5) Lair:6
    Orc (2/2) D:9             Elf (0/3) Orc:2       Gauntlet (visited)

Altars:
Elyvilon
Gozag
Makhleb
Nemelex Xobeh
Okawaru
Qazlal
Sif Muna
Trog
Wu Jian
Xom
Zin
The Shining One
Beogh
Jiyva

Shops:
Orc:2 =[*(

Annotations:
D:6 1 runed translucent door, Crazy Yiuf


Innate Abilities, Weirdness & Mutations

You can walk on water.
You are somewhat resistant to further mutation.
Your natural rate of healing is unusually fast.


Message History

You block the death yak's attack.
You slash the death yak!
You kill the death yak!
Beogh accepts your kill.
You hit the death yak.
Your condenser vane has recharged.
You hit the death yak.
You kill the death yak!
Beogh accepts your kill.
You slice the death yak!! You hit the death yak.
The death yak gores you but does no damage.
You block the death yak's attack.
You hit the death yak but do no damage. You completely miss the death yak.
The death yak gores you!!
You barely miss the death yak. You hit the death yak.
The death yak gores you but does no damage.
You hit the death yak. You slash the death yak!
The death yak barely misses you. The death yak gores you!
You slash the death yak! You hit the death yak but do no damage.
The death yak gores you but does no damage. x2
You hit the death yak. You slash the death yak! The death yak gores you.
You slash the death yak!
You kill the death yak!
Beogh accepts your kill.
You hit the death yak but do no damage. You block the death yak's attack.
You slash the death yak! You hit the death yak.
You block the death yak's attack. The death yak gores you!!
* * * LOW HITPOINT WARNING * * *
You slash the death yak! x2; The death yak gores you!
* * * LOW HITPOINT WARNING * * *
The death yak gores you.
* * * LOW HITPOINT WARNING * * *
You hit the death yak. You hit the death yak but do no damage.
The death yak gores you!
* * * LOW HITPOINT WARNING * * *
You hit the death yak. You slash the death yak!
You block the death yak's attack.
Unknown command.
You barely miss the death yak. You hit the death yak.
You block the death yak's attack.
The death yak gores you but does no damage.
You completely miss the death yak. You hit the death yak but do no damage.
The death yak completely misses you.
You hit the death yak but do no damage. You hit the death yak.
You block the death yak's attack.
You slice the death yak!! You hit the death yak but do no damage.
The death yak gores you!
* * * LOW HITPOINT WARNING * * *
The death yak gores you!!
You die...

#....###P.......#
.....# #P......##
.....# ##.......#
.#####
#.......P## ##
##........# ##
#......#.# .#..
.........## ....
........Y## .....
........Y@#
......
......(.###
...... ........#
...... .......
.#.. .....(Y #...
....... # .
....(((


You could see 2 death yaks.

Vanquished Creatures
  An orc warlord (D:9)
  A minotaur (Gauntlet)
  A fire dragon (Lair:6)
  2 hydras
  Harold (D:8)
  5 death yaks
  2 two-headed ogres
  An orc high priest (Orc:2)
  Nergalle (Lair:3)
  A swamp dragon (Lair:6)
  A necromancer (Gauntlet)
  An orc sorcerer (Orc:2)
  2 elephants
  2 cyclopes
  6 black mambas
  5 cane toads
  A gargoyle (D:10)
  3 rime drakes (Lair:2)
  6 kobold demonologists
  5 komodo dragons
  A troll (Orc:1)
  A polar bear (Lair:5)
  2 hornets (Lair:6)
  7 blink frogs
  23 yaks
  4 wyverns
  5 basilisks
  Eustachio (D:6)
  4 steam dragons
  2 wargs
  18 water moccasins
  A necrophage (D:6)
  11 orc warriors
  2 swamp drakes (Lair:6)
  A black bear (D:9)
  An ice beast (D:5)
  12 wolves
  5 ogres
  4 centaurs
  A phantom (D:5)
  5 bullfrogs
  2 kobold brigands
  2 gnoll sergeants
  A water moccasin skeleton (D:5)
  2 killer bees (D:8)
  5 electric eels
  3 centaur zombies
  3 hounds
  A bullfrog skeleton (D:6)
  11 orc priests
  A centaur skeleton (D:4)
  6 iguanas
  7 orc wizards
  2 hell rats (Lair:6)
  3 killer bee zombies
  11 gnolls
  A howler monkey skeleton (D:4)
  18 adders
  2 ufetubi
  A dart slug (D:1)
  14 orcs
  5 endoplasms
  6 giant cockroaches
  5 goblins
  7 hobgoblins
  8 jackals
  7 quokkas
  6 ball pythons
  4 bats
  3 frilled lizards
  15 kobolds
  7 rats
  A bush (Lair:5)
329 creatures vanquished.

Vanquished Creatures (collateral kills)
  Erica (Orc:1)
  A hydra (Lair:5)
  Urug (Orc:2)
  A two-headed ogre (D:7)
  6 death yaks
  2 orc knights (Orc:2)
  2 orc sorcerers (Orc:2)
  4 elephants (Lair:4)
  7 black mambas
  8 cane toads
  3 rime drakes
  5 komodo dragons
  A troll (Orc:2)
  A polar bear (Lair:3)
  A snapping turtle (Lair:2)
  11 blink frogs
  A redback (Lair:6)
  21 yaks
  8 wyverns
  3 basilisks
  An acid dragon (D:10)
  2 wargs (Orc:2)
  11 water moccasins
  8 orc warriors
  A swamp drake (Lair:6)
  A black bear (Lair:3)
  2 ogres (Orc:2)
  4 bullfrogs
  A kobold brigand (D:8)
  A killer bee (D:8)
  A centaur zombie (D:8)
  6 orc priests
  A gnoll shaman (D:8)
  9 orc wizards
  3 hell rats (Lair:6)
  2 gnolls (D:8)
  3 adders (Lair:2)
  7 orcs
  4 kobolds (D:8)
156 creatures vanquished.

Vanquished Creatures (others)
  An orc warlord (Orc:2)
  2 orc knights (Orc:2)
  An orc sorcerer (Orc:2)
  3 yaks (D:10)
  A water moccasin (Lair:6)
  9 orc warriors
  14 orc priests
  10 orc wizards
  A gnoll (D:5)
  30 orcs
  A bush (Lair:5)
  46 fungi
  129 plants
248 creatures vanquished.

Grand Total: 733 creatures vanquished

Notes
Turn   | Place    | Note
-------+----------+-------------------------------------------
     0 | D:1      | Pooter the Hill Orc Monk began the quest for the Orb.
     0 | D:1      | Reached XP level 1. HP: 19/19 MP: 1/1
   247 | D:1      | Reached XP level 2. HP: 27/27 MP: 2/2
   545 | D:1      | Reached skill level 5 in Axes
   614 | D:1      | Reached XP level 3. HP: 31/33 MP: 3/3
   838 | D:2      | Found a faded altar of an unknown god.
  1049 | D:2      | Found a white marble altar of Elyvilon.
  1408 | D:3      | Reached skill level 1 in Armour
  1408 | D:3      | Reached XP level 4. HP: 13/41 MP: 4/4
  2663 | D:4      | Reached skill level 1 in Short Blades
  2675 | D:4      | Reached skill level 1 in Throwing
  2675 | D:4      | Reached XP level 5. HP: 41/47 MP: 5/5
  2758 | D:4      | Became a worshipper of Beogh the Brigand
  2758 | D:4      | Reached * piety under Beogh
  2758 | D:4      | Reached ** piety under Beogh
  2771 | D:4      | Gained mutation: You are robust. (+10% HP) [potion of
                  | mutation]
  2771 | D:4      | Gained mutation: Your flesh is cold resistant. (rC+)
                  | [potion of mutation]
  2771 | D:4      | Gained mutation: Your natural rate of healing is unusually
                  | fast. [potion of mutation]
  2850 | D:4      | Found a staircase to the Ecumenical Temple.
  3256 | D:4      | Reached skill level 5 in Fighting
  3256 | D:4      | Reached XP level 6. HP: 61/61 MP: 6/6
  3264 | D:4      | Reached skill level 1 in Invocations
  3398 | D:4      | Found a glowing golden altar of the Shining One.
  3505 | D:4      | Found a bloodstained altar of Trog.
  3572 | D:5      | Entered Level 5 of the Dungeon
  3572 | D:5      | Noticed an ice beast
  3586 | D:5      | Killed an ice beast
  3587 | D:5      | Reached skill level 1 in Evocations
  3600 | D:5      | Reached XP level 7. HP: 66/67 MP: 8/8
  3716 | D:5      | Reached skill level 6 in Axes
  4098 | D:5      | Reached XP level 8. HP: 71/77 MP: 10/10
  4860 | D:6      | Reached skill level 7 in Axes
  4917 | D:6      | Noticed Eustachio
  4934 | D:6      | Killed Eustachio
  4969 | D:6      | Found a runed translucent door.
  4970 | D:6      | Noticed Crazy Yiuf
  5747 | D:7      | Found a shimmering blue altar of Sif Muna.
  5799 | D:7      | Noticed a two-headed ogre
  5808 | D:7      | Killed a two-headed ogre
  5808 | D:7      | Reached *** piety under Beogh
  5809 | D:7      | Reached skill level 8 in Axes
  5809 | D:7      | Reached skill level 5 in Invocations
  5809 | D:7      | Reached XP level 9. HP: 19/85 MP: 12/12
  6390 | D:7      | Found a glowing silver altar of Zin.
  6545 | D:7      | Reached skill level 9 in Axes
  6574 | D:7      | Noticed a two-headed ogre
  6584 | D:7      | Killed a two-headed ogre
  6585 | D:7      | Reached skill level 5 in Armour
  6781 | D:7      | Found a stormy altar of Qazlal.
  7175 | D:8      | Reached XP level 10. HP: 87/94 MP: 14/14
  7429 | D:8      | Reached skill level 10 in Axes
  7476 | D:8      | Noticed Harold
  7492 | D:8      | Killed Harold
  7812 | D:8      | Found a shimmering altar of Xom.
  8055 | D:9      | Noticed an elephant
  8221 | D:9      | Noticed a kobold demonologist
  8237 | D:9      | Noticed an orange demon
  8238 | D:9      | Killed a kobold demonologist
  8254 | D:9      | Reached skill level 5 in Evocations
  8346 | D:9      | Found an opulent altar of Gozag.
  8346 | D:9      | Found a sparkling altar of Nemelex Xobeh.
  8347 | D:9      | Found a burning altar of Makhleb.
  8368 | D:9      | Found an ornate altar of the Wu Jian Council.
  8418 | D:9      | Noticed a kobold demonologist
  8422 | D:9      | Noticed a soul eater
  8430 | D:9      | Killed a kobold demonologist
  8431 | D:9      | Reached skill level 5 in Throwing
  8546 | D:9      | Killed an elephant
  8547 | D:9      | Reached skill level 11 in Axes
  8634 | D:9      | Found a staircase to the Lair.
  8797 | D:9      | Found a staircase to the Orcish Mines.
  8809 | Orc:1    | Entered Level 1 of the Orcish Mines
  8809 | Orc:1    | Noticed an orc warlord
  8814 | Orc:1    | Noticed a two-headed ogre
  9175 | D:10     | Entered Level 10 of the Dungeon
  9197 | D:10     | Noticed a gargoyle
  9214 | D:10     | Killed a gargoyle
  9298 | D:10     | Reached XP level 11. HP: 61/104 MP: 16/16
  9435 | D:10     | Reached skill level 12 in Axes
 10108 | Lair:1   | Entered Level 1 of the Lair of Beasts
 10882 | Lair:1   | Found a burning altar of Makhleb.
 11020 | Orc:1    | Noticed a cyclops
 11026 | D:9      | Reached skill level 13 in Axes
 11131 | D:9      | Killed a two-headed ogre
 11159 | Orc:1    | Killed a cyclops
 11161 | Orc:1    | Noticed Erica
 11172 | Orc:1    | Killed Erica
 11173 | Orc:1    | Reached XP level 12. HP: 109/116 MP: 18/18
 11261 | Orc:1    | Found an iron altar of Okawaru.
 11500 | Orc:2    | Entered Level 2 of the Orcish Mines
 11926 | Orc:2    | Found a staircase to the Elven Halls.
 11931 | Orc:2    | Noticed Urug
 11940 | Orc:2    | Noticed a soul eater
 11943 | Orc:2    | Noticed an orc warlord
 11946 | Orc:2    | Killed Urug
 12445 | Orc:2    | Reached skill level 10 in Fighting
 12512 | Orc:2    | Noticed an orc high priest
 13741 | Orc:2    | Reached **** piety under Beogh
 13759 | Orc:2    | Found a roughly hewn altar of Beogh.
 13766 | Orc:2    | Found Kyxkid's Jewellery Shop.
 13773 | Orc:2    | Killed an orc high priest
 13774 | Orc:2    | Reached skill level 14 in Axes
 13817 | Orc:2    | Bought the amulet "Zaxkag" {Reflect rPois Str-4 SH+5
                  | Stlth+} for 498 gold pieces
 13835 | Orc:2    | Found Lydota's Antique Armour Shop.
 13917 | Orc:2    | Bought a runed hat for 182 gold pieces
 13929 | Orc:2    | Bought a pair of runed boots for 195 gold pieces
 13942 | Orc:2    | Found Eziseta's General Store.
 13952 | Orc:2    | Bought a scroll of enchant armour for 112 gold pieces
 13952 | Orc:2    | Bought a scroll of enchant weapon for 112 gold pieces
 14006 | Orc:2    | Found Pazeim's Antique Weapon Shop.
 14012 | Orc:2    | Bought a glowing hand crossbow for 188 gold pieces
 14169 | Orc:2    | Bought 20 bolts for 60 gold pieces
 14169 | Orc:2    | Bought 22 bolts for 66 gold pieces
 15044 | Lair:2   | Reached skill level 1 in Crossbows
 15054 | Lair:2   | Reached skill level 1 in Shields
 15105 | Lair:2   | Lost mutation: You are robust. (+10% HP) [potion of
                  | mutation]
 15105 | Lair:2   | Gained mutation: You are partially covered in large bone
                  | plates. (SH +4) [potion of mutation]
 15105 | Lair:2   | Lost mutation: You are partially covered in large bone
                  | plates. (SH +4) [potion of mutation]
 15105 | Lair:2   | Gained mutation: You sometimes lose the ability to read
                  | scrolls when taking damage. [potion of mutation]
 15105 | Lair:2   | Gained mutation: Your spells are a little harder to cast,
                  | but a little more powerful. [potion of mutation]
 15106 | Lair:2   | Lost mutation: You sometimes lose the ability to read
                  | scrolls when taking damage. [potion of mutation]
 15106 | Lair:2   | Lost mutation: Your flesh is cold resistant. (rC+) [potion
                  | of mutation]
 15106 | Lair:2   | Lost mutation: Your spells are a little harder to cast, but
                  | a little more powerful. [potion of mutation]
 15106 | Lair:2   | Gained mutation: You expend magic power (3 MP) to
                  | strengthen your wands. [potion of mutation]
 15106 | Lair:2   | Lost mutation: You expend magic power (3 MP) to strengthen
                  | your wands. [potion of mutation]
 15106 | Lair:2   | Gained mutation: You are somewhat resistant to further
                  | mutation. [potion of mutation]
 15183 | Lair:2   | Found a staircase to the Shoals.
 15900 | Lair:2   | Reached skill level 10 in Invocations
 15900 | Lair:2   | Gained Arbolt as an ally
 16118 | Lair:2   | Noticed a seven-headed hydra
 16130 | Lair:2   | Killed a seven-headed hydra
 16468 | Lair:3   | Reached XP level 13. HP: 114/114 MP: 20/20
 16532 | Lair:3   | Found a staircase to the Snake Pit.
 16585 | Lair:3   | Reached ***** piety under Beogh
 17802 | Lair:3   | Noticed Nergalle
 17804 | Lair:3   | Killed Nergalle
 18238 | Lair:4   | Gained Koronagh as an ally
 18447 | Orc:2    | Bought a crude flail for 246 gold pieces
 18447 | Orc:2    | Identified the +7 flail "Wocw" {flame, Fragile rPois Str+9
                  | Dex+2 Stlth+} (You bought it in a shop on level 2 of the
                  | Orcish Mines)
 19827 | Lair:5   | Your ally Koronagh died
 20559 | Lair:5   | Reached skill level 5 in Crossbows
 21113 | Lair:6   | Entered Level 6 of the Lair of Beasts
 21123 | Lair:6   | Reached skill level 15 in Axes
 21256 | Lair:6   | Found a staircase to the Slime Pits.
 21256 | Lair:6   | Found a viscous altar of Jiyva.
 21300 | Lair:6   | Reached XP level 14. HP: 124/124 MP: 22/22
 21477 | Lair:6   | Found a gate leading to a gauntlet.
 21487 | Gauntlet | Entered a Gauntlet
 21487 | Gauntlet | Found a transporter.
 21490 | Gauntlet | Found a transporter.
 21511 | Gauntlet | Found a transporter.
 21511 | Gauntlet | Found a transporter.
 21566 | Gauntlet | Found a transporter.
 21756 | Gauntlet | Found a transporter.
 22055 | Lair:6   | Reached skill level 5 in Shields
 23205 | Lair:6   | Reached skill level 10 in Armour
 23498 | Lair:6   | Slain by a death yak

Illustrated notes

Levels and vault maps discovered:
D:1:      ebering_trefoil_3fold, layout_loops_ring
D:2:      layout_basic, ebering_ecumenical_altar_abandoned, basic_altar
D:3:      layout_basic, serial_bayou, serial_bayou_crossing,
          serial_bayou_shore_b, serial_bayou_shore_b, serial_bayou_lake_a,
          serial_bayou_pond_e, serial_bayou_shore_b
D:4:      minmay_general_purpose_star, layout_loops_ring, trog_book,
          tso_oasis_becter, minmay_temple_entry_slanted
D:5:      layout_cave_pods, lemuel_flamethrower_2
D:6:      layout_gridville, minivault_19, uniq_crazy_yiuf_cottage,
          uniq_eustachio
D:7:      layout_basic, overflow_temple_1_default, amcnicky_altar_gilded,
          mainiacjoe_overflow_tiny_flanked, chequers_decorated_corner,
          grunt_ministairs_11
D:8:      layout_basic, overflow_temple_1_default, uniq_harold
D:9:      layout_roguey, nicolae_overflow_quartered_altars, david_lair_generic,
          david_orc_4
D:10:     layout_roguey, minmay_holes, fungi_pond_lemuel,
          corexii_hall_statues_i, fountainhead
Lair:1:   layout_hall_layers, basic_altar
Lair:2:   minmay_lair_venomous_thicket, layout_cave_pods,
          minmay_shoals_entry_hut, infiniplex_staircase_pool_2,
          lemuel_fruit_fields, grunt_megastairs_3
Lair:3:   layout_gridlike, minmay_snake_entry_six_corridors, uniq_nergalle
Lair:4:   layout_cave_pods, chequers_serial_rivers_marsh,
          infiniplex_staircase_pool
Lair:5:   layout_gridlike, st_stairs_5, wad_woods_06, patterned_corridor,
          grunt_megastairs_2
Lair:6:   guppyfry_lair_end_dragon, layout_cellular_growth,
          hangedman_lair_tendril_chambers, slime_altar_1, gauntlet_entry_generic
Orc:1:    layout_caves, special_room [special_room_orc],
          okawaru_metal_pillars_3, uniq_erica
Orc:2:    grunt_orc_cross, layout_caves

Skill      XL: |  1  2  3  4  5  6  7  8  9 10 11 12 13 14 |
---------------+-------------------------------------------+-----
Fighting       | 4 5 6 7 8 9 10 11 | 11.8
Axes           | 5 6 8 9 11 13 14 15 | 15.5
Armour         | 1 2 3 4 5 6 7 8 9 10 | 10.0
Short Blades   | 1 2 3 |  3.1
Throwing       | 1 2 3 4 5 6 7 8 |  8.4
Invocations    | 2 3 5 6 7 9 10 11 | 11.6
Evocations     | 1 2 3 4 5 6 7 8 |  8.9
Crossbows      | 2 5 6 |  6.5
Shields        | 2 4 5 |  5.2
Dodging        | |  2.4
Stealth        | |  1.5

Action                   |  1- 3 |  4- 6 |  7- 9 | 10-12 | 13-15 || total
-------------------------+-------+-------+-------+-------+-------++-------
Melee: Hand axe          |    80 |    49 |   117 |   219 |       ||   465
       Short sword       |       |   105 |    24 |    99 |       ||   228
       Trident           |       |    86 |     9 |       |       ||    95
       Dagger            |       |     7 |       |       |       ||     7
       Morningstar       |       |       |    18 |    61 |     7 ||    86
       War axe           |       |       |       |   152 |   363 ||   515
 Fire: Hunting sling     |       |       |    22 |    19 |       ||    41
       Hand crossbow     |       |       |       |    24 |    90 ||   114
Throw: Boomerang         |    41 |     5 |     7 |    49 |    14 ||   116
       Javelin           |     2 |    21 |    63 |    69 |    16 ||   171
       Stone             |       |    19 |       |       |       ||    19
Invok: Smiting           |       |     1 |     7 |    14 |       ||    22
       Convert to Beogh  |       |     1 |       |       |       ||     1
       Recall Orcish Fol |       |       |       |       |     2 ||     2
       Give Item to Name |       |       |       |       |     2 ||     2
Evoke: Wand              |       |       |       |    30 |     9 ||    39
       Condenser vane    |       |       |       |     1 |     1 ||     2
  Use: Scroll            |     2 |     2 |     4 |    16 |     6 ||    30
       Potion            |       |     3 |       |     3 |     3 ||     9
 Stab: Distracted        |       |       |       |     6 |     2 ||     8
       Paralysed         |       |       |       |    19 |       ||    19
       Confused          |       |       |       |     1 |       ||     1
Armor: Robe              |     6 |       |       |       |       ||     6
       Plate armour      |    27 |   231 |    99 |   344 |   203 ||   904
       Leather armour    |       |       |     2 |       |       ||     2
Dodge: Dodged            |    42 |    68 |   127 |   248 |   145 ||   630
Block: Buckler           |       |       |    15 |   106 |   213 ||   334
       Reflection        |       |       |       |     1 |       ||     1

Table legend: (Time is in decaauts)
 A = Elapsed time spent in this place.
 B = Non-inter-level travel time spent in this place.
 C = Inter-level travel time spent in this place.
 D = Time resting spent in this place.
 E = Time spent auto-exploring this place.
 F = Levels seen in this place.
 G = Mean time per level.
                   A        B        C        D        E       F      G
               +--------+--------+--------+--------+--------+-----+--------+
         Total |  23545 |  21171 |   2374 |   5869 |  10596 |  19 | 1239.2 |
       Dungeon |  11681 |  10180 |   1501 |   1670 |   6021 |  10 | 1168.1 |
          Lair |   8400 |   7843 |    557 |   2434 |   3846 |   6 | 1400.0 |
  Orcish Mines |   3185 |   2869 |    316 |   1579 |    711 |   2 | 1592.5 |
      Gauntlet |    277 |    277 |      0 |    186 |     18 |   1 |  277.0 |
               +--------+--------+--------+--------+--------+-----+--------+

Top non-repeatable levels by time:
   Orc:2: 2399 daAuts
  Lair:6: 1977 daAuts
     D:9: 1804 daAuts
     D:3: 1782 daAuts
  Lair:2: 1612 daAuts
  Lair:4: 1605 daAuts
     D:7: 1359 daAuts
     D:5: 1315 daAuts
     D:8: 1285 daAuts
  Lair:1: 1241 daAuts
  Lair:5: 1032 daAuts
     D:4: 998 daAuts
     D:6: 947 daAuts
  Lair:3: 931 daAuts
    D:10: 909 daAuts
